 Dungeon Crawl Stone Soup version 0.17.1-1-g73c8601 (console) character file.

1109 Kloppie the Covered (level 8, -5/52 HPs)
             Began as a Gargoyle Fighter on Dec 24, 2015.
             Was an Initiate of Makhleb.
             Slain by an ogre
             ... wielding a +0 giant club
              (12 damage)
             ... on level 6 of the Dungeon.
             The game lasted 00:08:51 (4603 turns).

Kloppie the Covered (Gargoyle Fighter)              Turns: 4603, Time: 00:08:51

Health: -5/52      AC: 19    Str: 21    XL:     8   Next: 33%
Magic:  8/8        EV:  4    Int:  9    God:    Makhleb [......]
Gold:   237        SH:  9    Dex: 10    Spells: 0 memorised, 7 levels left

rFire  . . .     SeeInvis .     a - +0 flail
rCold  . . .     Clarity  .     r - +1 plate armour
rNeg   + . .     SustAt   .     c - +0 shield
rPois  ∞         Gourm    .     (no helmet)
rElec  +         Spirit   .     (no cloak)
rCorr  +         Warding  .     (no gloves)
rMut   .         Stasis   .     (no boots)
MR     +....                    b - amulet of resist corrosion
Stlth  ..........               (no ring)
                                n - ring of protection from magic

@: somewhat resistant to hostile enchantments, extremely unstealthy
A: camouflage 1, negative energy resistance 1, electricity resistance,
unbreathing, petrification resistance, rot immunity, AC +5
a: Renounce Religion


You were on level 6 of the Dungeon.
You worshipped Makhleb.
Makhleb was noncommittal.
You were hungry.

You visited 2 branches of the dungeon, and saw 8 of its levels.

You collected 237 gold pieces.

Inventory:

Hand Weapons
 a - a +0 flail (weapon)
Armour
 c - a +0 shield (worn)
 r - a +1 plate armour (worn)
Jewellery
 b - an amulet of resist corrosion (around neck)
 n - a ring of protection from magic (left hand)
Scrolls
 d - a scroll of remove curse
 g - 2 scrolls of recharging
 k - a scroll of enchant armour
 l - a scroll of magic mapping
 t - 2 scrolls of enchant weapon {unknown}
 w - a scroll of teleportation {unknown}
Potions
 f - 4 potions of curing
 i - a potion of heal wounds
 j - a potion of brilliance
 o - a potion of haste {unknown}
 q - a potion of lignification
 s - a potion of invisibility
 u - a potion of agility
Books
 x - an Akashic Record

   Spells                             Type                      Level
   a - Dispersal                      Translocation                6
   b - Malign Gateway                 Summoning/Translocation      7
   c - Disjunction                    Translocation                8
   d - Controlled Blink               Translocation                8
Comestibles
 e - 2 bread rations
 m - 2 beef jerkies
 v - a meat ration


   Skills:
 + Level 6.8 Fighting
 + Level 5.9 Maces & Flails
 + Level 6.9 Armour
 - Level 3.2 Shields


You had 7 spell levels left.
You didn't know any spells.

Dungeon Overview and Level Annotations

Branches:
Dungeon (7/15)             Temple (1/1) D:5

Altars:
Ashenzari
Cheibriados
Dithmenos
Elyvilon
Fedhas
Gozag
Kikubaaqudgha
Makhleb
Nemelex Xobeh
Qazlal
Ru
Trog
Xom
Yredelemnul
Zin
The Shining One

Annotations:
D:4 Kloppie's ghost, novice MiGl


Innate Abilities, Weirdness & Mutations

You are resistant to torment.
Your stone body is resilient (AC +5).
You are immune to poison.
You resist negative energy.
You are resistant to electric shocks.
You can survive without breathing.
You are immune to petrification.
You are immune to rotting.
Your skin changes colour to match your surroundings (Stealth).


Message History

The ogre is moderately wounded.
The ogre hits you with a giant club.
Your shield and plate armour prevent you from hitting the ogre.
The ogre is moderately wounded.
The ogre hits you with a giant club!
* * * LOW HITPOINT WARNING * * *
You are too injured to fight recklessly!
You are too injured to fight recklessly!
You are too injured to fight recklessly!
You hit the ogre.
The ogre is moderately wounded.
The ogre hits you with a giant club!
* * * LOW HITPOINT WARNING * * *
You completely miss the ogre.
The ogre is moderately wounded.
The ogre barely misses you.
You sock the ogre!
The ogre is severely wounded.
The ogre hits you with a giant club!
You die...

#.O.#.#
#...#.#
###...#
##..#
#..#
#..#
##.#
#O###.#
#@....#
#######


You could see an ogre.

Vanquished Creatures
  Grinder (D:5)
  Menkaure (D:5)
  An ice beast (D:4)
  A centaur (D:5)
  Blork the orc (D:4)
  2 scorpions
  An electric eel (D:6)
  A giant frog zombie (D:5)
  A hound (D:4)
  A crimson imp (D:6)
  2 jellies
  2 orc wizards
  3 worker ants
  3 gnolls (D:3)
  4 adders
  An ooze (D:4)
  A worm (D:3)
  A giant gecko (D:4)
  4 orcs
  A ball python (D:3)
  3 bats
  6 giant cockroaches
  5 hobgoblins
  6 kobolds
  2 giant newts
  5 goblins
  2 jackals (D:2)
  A jackal skeleton (D:6)
  A quokka zombie (D:5)
  4 rats
68 creatures vanquished.

Vanquished Creatures (others)
  A giant frog skeleton (D:6)
1 creature vanquished.

Grand Total: 69 creatures vanquished

Notes
Turn   | Place    | Note
--------------------------------------------------------------
     0 | D:1      | Kloppie the Gargoyle Fighter began the quest for the Orb.
     0 | D:1      | Reached XP level 1. HP: 14/14 MP: 1/1
   443 | D:1      | Reached XP level 2. HP: 19/19 MP: 2/2
   902 | D:2      | Reached XP level 3. HP: 16/23 MP: 3/3
  1219 | D:3      | Found an opulent altar of Gozag.
  1407 | D:3      | Reached skill level 4 in Armour
  1455 | D:3      | Found a shattered altar of Ashenzari.
  1491 | D:3      | Noticed an ice beast
  1507 | D:3      | Found a glowing golden altar of the Shining One.
  1507 | D:3      | Found a blossoming altar of Fedhas.
  1507 | D:3      | Found a snail-covered altar of Cheibriados.
  1726 | D:3      | Reached XP level 4. HP: 26/29 MP: 4/4
  2123 | D:4      | Noticed Blork the orc
  2139 | D:4      | Killed Blork the orc
  2139 | D:4      | Reached XP level 5. HP: 15/33 MP: 5/5
  2405 | D:4      | Reached skill level 5 in Armour
  2409 | D:4      | Found a shadowy altar of Dithmenos.
  2433 | D:4      | Reached XP level 6. HP: 36/39 MP: 6/6
  2456 | D:4      | Found a bloodstained altar of Trog.
  2458 | D:4      | Noticed Kloppie's ghost (novice MiGl)
  2900 | D:4      | Killed an ice beast
  2900 | D:4      | Reached skill level 5 in Fighting
  2905 | D:5      | Entered Level 5 of the Dungeon
  3141 | D:5      | Reached XP level 7. HP: 39/44 MP: 7/7
  3160 | D:5      | Found a basalt altar of Yredelemnul.
  3191 | D:5      | Noticed Menkaure
  3204 | D:5      | Killed Menkaure
  3291 | D:5      | Noticed Grinder
  3298 | D:5      | Reached skill level 6 in Armour
  3299 | D:5      | Paralysed by Grinder for 2 turns
  3305 | D:5      | Paralysed by Grinder for 4 turns
  3310 | D:5      | Gained mutation: Your skin changes colour to match your surroundings (Stealth). [potion of beneficial mutation]
  3313 | D:5      | Paralysed by Grinder for 5 turns
  3322 | D:5      | Paralysed by Grinder for 6 turns
  3333 | D:5      | Paralysed by Grinder for 6 turns
  3361 | D:5      | Killed Grinder
  3361 | D:5      | Reached skill level 5 in Maces & Flails
  3611 | D:5      | Found a staircase to the Ecumenical Temple.
  3629 | Temple   | Entered the Ecumenical Temple
  3643 | Temple   | Became a worshipper of Makhleb the Destroyer
  3747 | D:5      | Reached XP level 8. HP: 51/51 MP: 8/8
  4017 | D:5      | Found a white marble altar of Elyvilon.
  4603 | D:6      | Slain by an ogre

Action                   |  1- 3 |  4- 6 |  7- 9 || total
-------------------------+-------+-------+-------++-------
Melee: Flail             |   142 |   138 |   139 ||   419
  Use: Scroll            |       |     5 |     6 ||    11
       Potion            |       |       |     2 ||     2
  Eat: Chunk             |     3 |     4 |     2 ||     9
       Fruit             |       |       |     3 ||     3
